 Dungeon Crawl Stone Soup version 0.30-a0-778-g2ef04afb54 (webtiles) character file.

Game seed: 13567568000918811308

4 Goldberg the Magician (level 1, 15/15 HPs)
             Began as a Human Wanderer on Feb 16, 2023.
             Quit the game on level 1 of the Dungeon on Feb 17, 2023.
             The game lasted 00:02:06 (217 turns).

Goldberg the Magician (Human Wanderer)               Turns: 217, Time: 00:02:06

Health: 15/15      AC:  6    Str: 10    XL:     1   Next: 77%
Magic:  5/5        EV: 10    Int: 14    God:
Gold:   0          SH:  0    Dex: 12    Spells: 8/8 levels left

rFire   . . .      SeeInvis .    g - +1 short sword
rCold   . . .      Faith    .    (no shield)
rNeg    . . .      Spirit   .    e - +0 ring mail
rPois   .          Reflect  .    (no helmet)
rElec   .          Harm     .    (no cloak)
rCorr   .          Rampage  .    d - +0 pair of gloves
Will    .....                    (no boots)
Stlth   +                        (no amulet)
HPRegen 0.22/turn                (no ring)
MPRegen 0.09/turn                (no ring)

@: no status effects
A: no striking features
a: no special abilities


You were on level 1 of the Dungeon.
You visited 1 branch of the dungeon, and saw 1 of its levels.

Inventory:

Hand Weapons
 a - a +0 dagger
 f - a +0 sling
 g - a +1 short sword (weapon)
Missiles
 h - 3 stones (quivered)
Armour
 c - a +0 robe
 d - a +0 pair of gloves (worn)
 e - a +0 ring mail (worn)
Scrolls
 b - a scroll of fear
 j - a scroll of identify {unknown}


   Skills:
 + Level 1.0 Fighting
 + Level 2.0 Dodging
 + Level 4.2 Spellcasting
 + Level 2.0 Conjurations
 + Level 1.0 Evocations


You had 8 spell levels left.
You didn't know any spells.
Your spell library contained the following spells:

 Spells                   Type           Power      Damage    Failure   Level
 Kiss of Death            Conj/Necr      20%        2d7       32%         1
 Shock                    Conj/Air       20%        1d4       32%         1
 Static Discharge         Conj/Air       10%        2-3/arc   43%         2
 Summon Small Mammal      Summ           8%         N/A       45%         1
 Call Canine Familiar     Summ           2%         N/A       83%         3


Dungeon Overview and Level Annotations

Branches:
Dungeon (1/15)

Altars:

Shops:
D:1 *

Annotations:
D:1 1 runed translucent door


Message History

The frilled lizard barely misses you.
You hit the frilled lizard.
You kill the frilled lizard!
You see here a frilled lizard corpse.
A hobgoblin comes into view.
The hobgoblin shouts!
A hobgoblin is nearby!
Found a scroll labelled VOTAEM BUIKIX.
You hit the hobgoblin.
The hobgoblin is severely wounded.
The hobgoblin hits you but does no damage.
You hit the hobgoblin but do no damage.
The hobgoblin is severely wounded.
The hobgoblin closely misses you.
You hit the hobgoblin.
The hobgoblin is almost dead.
The hobgoblin hits you.
You hit the hobgoblin.
You kill the hobgoblin!
j - a scroll labelled VOTAEM BUIKIX
As you read the scroll labelled YNECVAS KUNNEJ, it crumbles to dust.
It is a scroll of enchant weapon.
Your +0 short sword glows red for a moment.
HP restored.
You open the door.
A giant cockroach comes into view.
Found Udghipnu's Assorted Antiques.
There is an open door here.
The giant cockroach bites you but does no damage.
You hit the giant cockroach.
The giant cockroach is severely wounded.
The giant cockroach bites you but does no damage. x2
You hit the giant cockroach.
You kill the giant cockroach!
There is an entrance to Udghipnu's Assorted Antiques here.
Level annotation: 1 runed translucent door Welcome back, Goldberg the Human Wanderer.
Press ? for a list of commands and other information.
Unknown command.
Are you sure you want to abandon this character and quit the game? (Confirm with "yes".)

#########.....#.#####......####
# ######.....#.#####......### #
#...........................
#.##########..#.##......####
#.# ##...........+ ##.######
##'#.##......# #.......#
##≈.#.##......#
#.......####≈≈.###..######
#.......#..+..@..+...
#.......#.####.≈≈###.
###.......#.####.≈.#
#..............#+#.#
#......###.##### .# #......#
#.# .# .......###.#######.#
.###.###.......... .# #.#
#.##########


There were no monsters in sight!

Vanquished Creatures
  A giant cockroach (D:1)
  A hobgoblin (D:1)
  2 frilled lizards (D:1)
  A kobold (D:1)
5 creatures vanquished.

Notes
Turn   | Place    | Note
-------+----------+-------------------------------------------
     0 | D:1      | Goldberg the Human Wanderer began the quest for the Orb.
     0 | D:1      | Goldberg set off with the following items: a +0 dagger, a
                  | scroll of fear, a +0 robe, a +0 pair of gloves; and the
                  | following spells available to memorise: Kiss of Death,
                  | Shock, Summon Small Mammal, Static Discharge, Call Canine
                  | Familiar.
     0 | D:1      | Reached XP level 1. HP: 15/15 MP: 5/5
     1 | D:1      | Found a runed translucent door.
     4 | D:1      | Noticed a jelly
   209 | D:1      | Found Udghipnu's Assorted Antiques.
   217 | D:1      | Quit the game

Illustrated notes

Levels and vault maps discovered:
D:1:      dpeg_arrival_caged_fury, layout_basic, serial_shops,
          nicolae_shop_hallway_plus, shapermc_ecumenical_altar_totnotflames

Action                     || total
---------------------------++-------
  Melee: Short sword       ||     8
         Dagger            ||     6
    Use: Scroll            ||     1
 Armour: Ring mail         ||     7
  Dodge: Dodged            ||     5

Table legend: (Time is in decaauts)
 A = Elapsed time spent in this place.
 B = Non-inter-level travel time spent in this place.
 C = Inter-level travel time spent in this place.
 D = Time resting spent in this place.
 E = Time spent auto-exploring this place.
 F = Levels seen in this place.
 G = Mean time per level.
                   A        B        C        D        E       F      G
               +--------+--------+--------+--------+--------+-----+--------+
         Total |    216 |    216 |      0 |      0 |    109 |   1 |  216.0 |
       Dungeon |    216 |    216 |      0 |      0 |    109 |   1 |  216.0 |
               +--------+--------+--------+--------+--------+-----+--------+

Top non-repeatable levels by time:
     D:1: 216 daAuts
